 Dungeon Crawl Stone Soup version 0.20-a0-739-g6bb112f (webtiles) character file.

106 polly the Slasher (level 4, 34/34 HPs)
             Began as a Demonspawn Gladiator on Feb 25, 2017.
             Quit the game on level 2 of the Dungeon.
             The game lasted 00:01:26 (1540 turns).

polly the Slasher (Demonspawn Gladiator)            Turns: 1540, Time: 00:01:26

Health: 34/34      AC:  5    Str: 16    XL:     4   Next: 55%
Magic:  4/4        EV: 13    Int:  9    God:
Gold:   42         SH:  0    Dex: 14    Spells: 3/3 levels left

rFire    . . .     SeeInvis .   a - +0 long sword
rCold    . . .     Gourm    .   b - +0 leather armour
rNeg     . . .     Faith    .   (no shield)
rPois    .         Spirit   .   (helmet restricted)
rElec    .         Reflect  .   (no cloak)
rCorr    .         Harm     .   (no gloves)
MR       .....                  (no boots)
Stlth    +.........             (no amulet)
Regen    0.2/turn               (no ring)
MPRegen  0.1/turn               (no ring)

@: no status effects
A: horns 1, thin metallic scales 1, powered by pain 1
a: no special abilities


You were on level 2 of the Dungeon.
You were not hungry.

You visited 1 branch of the dungeon, and saw 2 of its levels.

You collected 42 gold pieces.

Inventory:

Hand Weapons
 a - a +0 long sword (weapon)
Missiles
 d - 3 throwing nets (quivered)
Armour
 b - a +0 leather armour (worn)
 c - a +0 helmet
Scrolls
 g - a scroll of immolation {unknown}
 h - a scroll of enchant armour {unknown}
 i - 3 scrolls of identify {unknown}
Potions
 e - 3 potions of flight {unknown}
 j - a potion of resistance {unknown}
 k - a potion of might {unknown}
Comestibles
 f - 2 bread rations


   Skills:
 + Level 2.4 Fighting
 + Level 3.6 Long Blades
 + Level 2.0 Throwing
 + Level 1.5 Armour
 + Level 3.3 Dodging


You had 3 spell levels left.
You didn't know any spells.

Dungeon Overview and Level Annotations

Branches:
Dungeon (2/15)

Altars:


Innate Abilities, Weirdness & Mutations

You have a pair of small horns on your head.
You are partially covered in thin metallic scales. (AC +2)
You sometimes gain a little power by taking damage.


Message History

You closely miss the goblin. You headbutt the goblin.
You kill the goblin!
No target in view!
No target in view!
No target in view!
No target in view!
No target in view!
No target in view!
No target in view!
No target in view!
No target in view!
No target in view!
No target in view!
No target in view!
No target in view!
No target in view!
No target in view!
No target in view!
No target in view!
Are you sure you want to abandon this character and quit the game? (Confirm with "yes".)

#.....# #...#.#...##.#<...
#####.# #...#.#...##...... ## #.#
#...#.#........... .# #.#
#.†.#.#####....... .# #.#
#...#........#.#.# .# #.#
#..............#.# .# #.#
#...'########+.#.# .# #.#
#<).#........#.#.# .#
#.########@..#.'####'.#.#.. )#
#..........#.#.#....#.#....
.###############.#.#.#.##.#.#.###
...........# #.#.#.#.##.#.#.#
##########.#######.#.#....#.#.#
#.........#.+####+.#.#
#########.#........#.###
#..+########'....
#............(###


There were no monsters in sight!

Vanquished Creatures
  Jessica (D:2)
  Terence (D:2)
  An adder (D:2)
  A worm (D:2)
  A dart slug (D:1)
  2 leopard geckos
  2 giant cockroaches
  6 goblins
  3 hobgoblins
  4 jackals (D:1)
  6 bats
  3 frilled lizards
  4 kobolds
  5 rats
40 creatures vanquished.

Notes
Turn   | Place    | Note
-------+----------+-------------------------------------------
     0 | D:1      | polly the Demonspawn Gladiator began the quest for the Orb.
     0 | D:1      | Reached XP level 1. HP: 16/16 MP: 1/1
   145 | D:1      | Gained mutation: You are partially covered in thin metallic scales. (AC +2) [demonic ancestry]
   145 | D:1      | Reached XP level 2. HP: 21/22 MP: 2/2
   694 | D:2      | Gained mutation: You sometimes gain a little power by taking damage. [demonic ancestry]
   694 | D:2      | Reached XP level 3. HP: 7/27 MP: 3/3
  1234 | D:2      | Noticed Jessica
  1242 | D:2      | Killed Jessica
  1242 | D:2      | Reached skill level 1 in Armour
  1242 | D:2      | Gained mutation: You have a pair of small horns on your head. [demonic ancestry]
  1242 | D:2      | Reached XP level 4. HP: 25/34 MP: 4/4
  1253 | D:2      | Noticed Terence
  1259 | D:2      | Killed Terence
  1540 | D:2      | Quit the game

Vault maps used:
D:1:      elethiomel_arrival_infinity_welcomes_careful_drivers
D:2:      first_bread, minivault_11, uniq_terence, uniq_jessica

Skill      XL: |  1  2  3 |
---------------+----------+-----
Dodging        | 3 |  3.3
Throwing       | 2 |  2.0
Long Blades    | 3 |  3.6
Armour         | 1 |  1.5
Fighting       | |  2.4

Action                   |  1- 3 |  4- 6 || total
-------------------------+-------+-------++-------
Melee: Long sword        |    94 |    20 ||   114
       Headbutt          |       |     8 ||     8
  Eat: Chunk             |     1 |     1 ||     2
Armor: Leather armour    |    47 |     6 ||    53
Dodge: Dodged            |    79 |    15 ||    94
       Rpst.: Long sword |    21 |     7 ||    28
